 Dungeon Crawl Stone Soup version 0.26.1-11-gd32895ea62 (webtiles) character file.

Game seed: 13303205610703432855

137 tizbic2 the Shooter (level 4, -1/36 HPs)
             Began as a Demigod Hunter on June 26, 2021.
             Slain by a sky beast (2 damage)
             ... on level 3 of the Dungeon.
             The game lasted 00:13:31 (2363 turns).

tizbic2 the Shooter (Demigod Hunter)                Turns: 2363, Time: 00:13:31

Health: -1/36      AC:  8    Str: 15    XL:     4   Next: 68%
Magic:  6/6        EV:  7    Int: 15    God:
Gold:   208        SH:  0    Dex: 18    Spells: 3/3 levels left

rFire    + . .     SeeInvis .   a - +1 shortbow
rCold    + . .     Faith    .   (shield currently unavailable)
rNeg     . . .     Spirit   .   k - +0 chain mail
rPois    +         Reflect  .   (no helmet)
rElec    +         Harm     .   (no cloak)
rCorr    +         Rampage  .   (no gloves)
Will     .....                  (no boots)
Stlth    ..........             (no amulet)
HPRegen  0.12/turn              (no ring)
MPRegen  0.10/turn              (no ring)

@: resistant, berserk cooldown, slowed, very slow
A: high mp 1
a: no special abilities


You were on level 3 of the Dungeon.
You visited 1 branch of the dungeon, and saw 3 of its levels.

You collected 208 gold pieces.

Inventory:

Hand Weapons
 a - a +1 shortbow (weapon)
 b - a +0 short sword
Missiles
 d - 34 arrows (quivered ammo)
 m - 11 stones
Armour
 i - a +0 robe of positive energy
 k - a +0 chain mail (worn)
Jewellery
 o - an uncursed amulet of guardian spirit {unknown}
Scrolls
 c - a scroll of enchant weapon {unknown}
 e - a scroll of teleportation
 h - a scroll of noise
 l - a scroll of enchant armour {unknown}
 n - 3 scrolls of identify
Potions
 f - a potion of curing {unknown}


   Skills:
 + Level 2.2 Fighting
 + Level 1.2 Short Blades
 * Level 4.9 Bows
 + Level 1.2 Armour
 + Level 2.0 Dodging
 - Level 0.8 Stealth


You had 3 spell levels left.
You didn't know any spells.
Your spell library was empty.

Dungeon Overview and Level Annotations

Branches:
Dungeon (3/15)


Innate Abilities, Weirdness & Mutations

You have an increased reservoir of magic. (+10% MP)


Message History

The dart slug launches a dart at you. The slug dart hits you.
* * * LOW HITPOINT WARNING * * *
It was a potion of resistance.
You feel protected. Something hits you but does no damage.
It was a potion of berserk rage.
A red film seems to cover your vision as you go berserk!
You feel yourself moving faster!
You feel mighty! Something hits you but does no damage.
You feel a strong urge to attack something.
You feel your anger nearly subside.
You are no longer berserk.
You are exhausted.
You feel yourself slow down.
A sky beast appears from thin air!
Reactivating autopickup.
The sky beast hits you.
* * * LOW HITPOINT WARNING * * *
The sky beast shocks you. You resist.
You die...

#.###........# #......
#.#.#.#+###### #......
#...#.# ###+### ######.#.# #
#........#.# #.####.###.#
#..........#
######.#.###############
##.....#.#.@...........#
#........#Y##.......##.#
#..###.....#........'..#
#..###.#####........#####
#.......#..#.........(..#
#.#####....#.########.((...#
#.# #.#.##.# #.####.. #.#
#......# #.. #.# ###.####
#..#


You could see a sky beast.

Vanquished Creatures
  A centaur zombie (D:3)
  4 adders
  2 oozes
  2 dart slugs
  3 leopard geckos
  6 bats
  A giant cockroach (D:2)
  11 goblins
  5 hobgoblins
  A quokka (D:2)
  2 ball pythons (D:1)
  A frilled lizard (D:2)
  4 kobolds
  7 rats
50 creatures vanquished.

Vanquished Creatures (others)
  2 plants (D:1)
2 creatures vanquished.

Grand Total: 52 creatures vanquished

Notes
Turn   | Place    | Note
-------+----------+-------------------------------------------
     0 | D:1      | tizbic2 the Demigod Hunter began the quest for the Orb.
     0 | D:1      | Reached XP level 1. HP: 17/17 MP: 3/3
   242 | D:1      | Reached skill level 4 in Bows
   257 | D:1      | Reached XP level 2. HP: 24/24 MP: 4/4
  1146 | D:2      | Found a bloodstained altar of Trog.
  1238 | D:2      | Reached XP level 3. HP: 23/29 MP: 5/5
  1333 | D:2      | Found an ancient bone altar of Kikubaaqudgha.
  1805 | D:2      | Reached XP level 4. HP: 14/36 MP: 6/6
  2037 | D:3      | Reached skill level 1 in Armour
  2137 | D:3      | Reached skill level 1 in Short Blades
  2320 | D:3      | Noticed a sky beast
  2363 | D:3      | HP: 1/36 [sky beast (3)]
  2363 | D:3      | Slain by a sky beast

Illustrated notes

Levels and vault maps discovered:
D:1:      roderic_crop_circles_arrival_small, layout_basic, st_stairs_3,
          minivault_11, serial_bayou_crossing
D:2:      layout_loops_corners, overflow_temple_1_default, old_standard_altar
D:3:      minmay_evil_eye, layout_basic, st_stairs_5, lemuel_altar_in_water

Skill      XL: |  1  2  3  4 |
---------------+-------------+-----
Bows           | 4 |  4.9
Fighting       | 2 |  2.2
Dodging        | 2 |  2.0
Armour         | 1 |  1.2
Short Blades   | 1 |  1.2
Stealth        | |  0.8

Action                   |  1- 3 |  4- 6 || total
-------------------------+-------+-------++-------
Melee: Short sword       |   112 |    41 ||   153
       Shortbow          |     1 |       ||     1
 Fire: Shortbow          |    50 |     6 ||    56
  Use: Scroll            |     5 |       ||     5
       Potion            |       |     3 ||     3
Armor: Leather armour    |    13 |       ||    13
       Chain mail        |    60 |    28 ||    88
Dodge: Dodged            |    67 |    16 ||    83
